 Dungeon Crawl Stone Soup version 0.30-a0-800-g7c544603b3 (webtiles) character file.

Game seed: 18395464508594420289

631 NinjaNoafa the Magician (level 7, -3/53 HPs)
             Began as a Djinni Conjurer on Feb 21, 2023.
             Was an Initiate of Ashenzari.
             Slain by Edmund
             ... wielding a +2 flail of holy wrath
              (9 damage)
             ... on level 5 of the Dungeon.
             The game lasted 00:14:37 (3235 turns).

NinjaNoafa the Magician (Djinni Conjurer)           Turns: 3235, Time: 00:14:37

Health: -3/53      AC:  4    Str: 12    XL:     7   Next: 78%
Gold:   147        EV: 12    Int: 21    God:    Ashenzari [......] SH:  0 Dex: 12

rFire   + + .      SeeInvis .    s - +2 short sword (drain)
rCold   x . .      Faith    .    (no shield)
rNeg    . . .      Spirit   .    a - +0 robe of the Restrained Ordeal {Self, Range} (curse)
rPois   ∞          Reflect  .    (no helmet)
rElec   .          Harm     .    t - +0 cloak
rCorr   .          Rampage  .    r - +0 pair of gloves
Will    .....                    (boots unavailable)
Stlth   ++                       (no amulet)
HPRegen 0.28/turn                o - +6 ring of strength
MPRegen 0.00/turn                (no ring)

@: flying
A: sickness immunity, fire resistance 2, cold vulnerability 1, float, innate
caster, HP casting, extra vitality 1
a: Renounce Religion, Shatter the Chains


You were on level 5 of the Dungeon.
You worshipped Ashenzari.
Ashenzari was noncommittal.
You visited 1 branch of the dungeon, and saw 5 of its levels.

You collected 277 gold pieces.
You spent 130 gold pieces at shops.

Inventory:

Hand Weapons
 s - a +2 short sword of draining (weapon)
Missiles
 l - 2 poisoned darts
Armour
 a - the cursed +0 robe of the Restrained Ordeal (worn) {Self, Range}

   It has a curse which improves the following skills: Introspection: Fighting
   and Spellcasting.
   Ranged Combat: Ranged Weapons and Throwing.
 r - a +0 pair of gloves (worn)
 t - a +0 cloak (worn)
Jewellery
 o - a +6 ring of strength (left hand)
Wands
 b - a wand of flame (21)
 j - a wand of iceblast (3)
Scrolls
 c - 2 scrolls of immolation {unknown}
 f - 2 scrolls of fog
 g - a scroll of blinking {unknown}
 h - 2 scrolls of teleportation
 k - 2 scrolls of noise
 p - a scroll of fear {unknown}
 q - a scroll of vulnerability {unknown}
Potions
 d - 2 potions of curing
 e - 2 potions of mutation
 i - 2 potions of lignification
 m - 4 potions of brilliance
 n - a potion of flight {unknown}


   Skills:
 - Level 4.0(4.4) Fighting
 - Level 2.1 Dodging
 - Level 1.5 Stealth
 + Level 6.1(6.5) Spellcasting


You knew the following spells:

 Your Spells              Type           Power      Damage    Failure   Level
a - Magic Dart            Conj           100%       1d8       1%          1
b - Searing Ray           Conj           68%        2d6       1%          2
c - Dazzling Flash        Conj/Hex       68%        N/A       1%          3
d - Fulminant Prism       Conj/Hex       17%        3d11      6%          4
e - Iskenderun's Mystic   Conj/Tloc      34%        2d8       6%          4
f - Foxfire               Conj/Fire      100%       2x1d9     1%          1
g - Wereblood             Tmut           34%        N/A       1%          2
h - Mephitic Cloud        Conj/Pois/Air  34%        N/A       1%          3
Your spell library was empty.

Dungeon Overview and Level Annotations

Branches:
Dungeon (5/15)
 Temple: D:4-7

Altars:
Ashenzari
Cheibriados
Dithmenos
Elyvilon
Hepliaklqana
Makhleb
Uskayaw
Wu Jian
Xom
Yredelemnul
Zin

Shops:
D:3 ?   D:5 *

Annotations:
D:5 Edmund


Innate Abilities, Weirdness & Mutations

You are immune to sickness and miasma.
You are immune to poison.
Your flesh is very heat resistant. (rF++)
You are vulnerable to cold. (rC-)
You float through the air rather than walking.
You learn spells naturally, not from books.
Your magical power is your life essence.
You have superior vitality. (+4 MHP)


Message History

Edmund is severely wounded.
* * * LOW HITPOINT WARNING * * *
You finish channelling your searing ray.
Edmund grins madly.
Casting: Searing Ray (safe; 1% risk of failure)
Confirm with . or Enter, or press ? or * to list all spells.
Aiming: Mephitic Cloud (safe; 1% risk of failure)
Press: ? - help, Shift-Dir - straight line, f/p - Edmund
Aim: Edmund, wielding a +2 flail of holy wrath and wearing a +0 chain mail (severely wounded, confused, chance to affect: 81%)
The ball explodes into a vile cloud!
The stinking cloud engulfs Edmund but does no damage.
Edmund is severely wounded.
The stinking cloud engulfs you but does no damage.
* * * LOW HITPOINT WARNING * * *
You hear a shout! x4
Edmund is engulfed in noxious fumes.
Edmund appears confused.
Edmund is engulfed in noxious fumes.
Edmund appears confused.
Casting: Mephitic Cloud (safe; 1% risk of failure)
Confirm with . or Enter, or press ? or * to list all spells.
Aiming: Searing Ray (safe; 1% risk of failure)
Press: ? - help, Shift-Dir - straight line, f/p - Edmund
Aim: Edmund, wielding a +2 flail of holy wrath and wearing a +0 chain mail (severely wounded, confused, 96% to hit)
The searing ray hits Edmund!
Edmund is almost dead. (Press . to maintain the ray.)
* * * LOW HITPOINT WARNING * * *
The searing ray hits Edmund but does no damage.
Edmund is almost dead.
* * * LOW HITPOINT WARNING * * *
Edmund is engulfed in noxious fumes.
The searing ray hits Edmund but does no damage.
Edmund is almost dead.
* * * LOW HITPOINT WARNING * * *
The searing ray hits Edmund but does no damage.
Edmund is almost dead.
* * * LOW HITPOINT WARNING * * *
You finish channelling your searing ray.
Edmund says, "Why is everything spinning?"
Edmund hits you with a +2 flail of holy wrath!
You die...

#..##..## #......#.
#####+### ###.##...#.
......... ........>..
........# ####.#..##
...#.#..## #.....#
..#...#.. ..........#
#...∩..)###############..#
#...#.@@...............#
#..#.#..##############...#
#........ . #.....#
#####.###. ... #.##..# #.
.. .....###.##..# ## ##
#.........# #####.##.##
#^.<... ###....


You could see Edmund (confused).

Vanquished Creatures
  Grinder (D:5)
  Menkaure (D:4)
  A hound (D:5)
  2 orc priests (D:4)
  A jelly (D:4)
  2 orc wizards (D:4)
  6 adders
  An ufetubus (D:4)
  A worm (D:2)
  5 dart slugs
  6 orcs
  8 bats
  4 endoplasms
  5 giant cockroaches
  6 goblins
  4 hobgoblins
  3 kobolds
  8 ball pythons
  2 frilled lizards
  7 rats
74 creatures vanquished.

Vanquished Creatures (others)
  66 foxfires
  A fulminant prism (D:5)
67 creatures vanquished.

Grand Total: 141 creatures vanquished

Notes
Turn   | Place    | Note
-------+----------+-------------------------------------------
     0 | D:1      | NinjaNoafa the Djinni Conjurer began the quest for the Orb.
     0 | D:1      | NinjaNoafa set off with the following spells memorised:
                  | Magic Dart, Searing Ray, Dazzling Flash, Fulminant Prism,
                  | Iskenderun's Mystic Blast.
     0 | D:1      | Reached XP level 1. HP: 15/15 MP: 0/0
   175 | D:1      | Reached skill level 1 in Fighting
   384 | D:1      | Reached XP level 2. HP: 22/22 MP: 0/0
   671 | D:1      | Reached XP level 3. HP: 25/29 MP: 0/0
   671 | D:1      | Learned a level 1 spell: Foxfire
  1002 | D:2      | Found a shadowy altar of Dithmenos.
  1018 | D:2      | Reached XP level 4. HP: 29/35 MP: 0/0
  1613 | D:3      | Found Xufraunt's Magic Scroll Shop.
  1621 | D:3      | Bought a scroll of noise for 13 gold pieces
  1621 | D:3      | Bought a scroll of identify for 26 gold pieces
  1621 | D:3      | Bought a scroll of identify for 26 gold pieces
  1621 | D:3      | Bought a scroll of identify for 26 gold pieces
  1626 | D:3      | Bought a scroll of teleportation for 39 gold pieces
  1640 | D:3      | Found an ornate altar of the Wu Jian Council.
  1649 | D:3      | Found a basalt altar of Yredelemnul.
  1649 | D:3      | Found a hazy altar of Hepliaklqana.
  1649 | D:3      | Found a burning altar of Makhleb.
  1649 | D:3      | Found a shimmering altar of Xom.
  1650 | D:3      | Found a hide-covered altar of Uskayaw.
  1651 | D:3      | Found a snail-covered altar of Cheibriados.
  1652 | D:3      | Found a white marble altar of Elyvilon.
  1653 | D:3      | Found a glowing silver altar of Zin.
  1654 | D:3      | Found a broken altar of Ashenzari.
  1657 | D:3      | Became a worshipper of Ashenzari the Shackled
  2050 | D:3      | Reached XP level 5. HP: 40/41 MP: 0/0
  2050 | D:3      | Learned a level 2 spell: Wereblood
  2261 | D:4      | Noticed Menkaure
  2298 | D:5      | Entered Level 5 of the Dungeon
  2320 | D:5      | Noticed Grinder
  2393 | D:4      | Reached skill level 4 in Spellcasting
  2399 | D:4      | Reached XP level 6. HP: 34/48 MP: 0/0
  2580 | D:4      | Killed Menkaure
  2581 | D:4      | Reached skill level 5 in Spellcasting
  2581 | D:4      | Reached XP level 7. HP: 30/53 MP: 0/0
  2581 | D:4      | Learned a level 3 spell: Mephitic Cloud
  2586 | D:4      | Identified the +5 ring mail "Xiaqo" {Fly Int+4}
  2731 | D:4      | Identified the +1 chain mail "Rope" {rC++ rCorr}
  3053 | D:5      | Paralysed by Grinder for 4 turns
  3067 | D:5      | Killed Grinder
  3068 | D:5      | Reached skill level 6 in Spellcasting
  3204 | D:5      | Found Qiyn's Overcharged Wands.
  3207 | D:5      | Noticed Edmund
  3235 | D:5      | Slain by Edmund

Illustrated notes

Levels and vault maps discovered:
D:1:      tarquinn_simple_flora_water_e, layout_basic
D:2:      layout_rooms, basic_altar, minivault_4, nicolae_hexahallways,
          st_stairs_7, minmay_misc_feat_roman
D:3:      layout_basic, minitemple, serial_glass, glass_columns_a,
          glass_columns_b, glass_columns_a, glass_columns_c, glass_columns_b,
          glass_columns_c, glass_columns_a, glass_columns_a, serial_shops,
          shop_statue
D:4:      layout_loops_ring, mainiacjoe_overflow_surrounded_room, dk_vineyard_1,
          uniq_menkaure
D:5:      layout_basic, bloody_trog, nicolae_shop_overcharged_wands,
          uniq_grinder, uniq_pikel, uniq_edmund

Skill      XL: |  1  2  3  4  5  6  7 |
---------------+----------------------+-----
Fighting       | 1 2 3 4 |  4.0
Spellcasting   | 4 5 6 |  6.1
Dodging        | |  2.1
Stealth        | |  1.5

Action                     |  1- 3 |  4- 6 |  7- 9 || total
---------------------------+-------+-------+-------++-------
  Melee: Unarmed           |     2 |       |       ||     2
         Short sword       |     2 |     6 |       ||     8
   Cast: Magic Dart        |    65 |     5 |       ||    70
         Searing Ray       |     3 |     7 |    12 ||    22
         Foxfire           |       |    54 |     1 ||    55
         Wereblood         |       |     2 |       ||     2
         Dazzling Flash    |       |     1 |     1 ||     2
         Mephitic Cloud    |       |       |     6 ||     6
         Iskenderun's Myst |       |       |     4 ||     4
         Fulminant Prism   |       |       |     1 ||     1
 Invoke: Curse Item        |       |     1 |       ||     1
    Use: Scroll            |       |     4 |     2 ||     6
 Armour: Robe              |     2 |     4 |     2 ||     8
  Dodge: Dodged            |    15 |    17 |     4 ||    36

Table legend: (Time is in decaauts)
 A = Elapsed time spent in this place.
 B = Non-inter-level travel time spent in this place.
 C = Inter-level travel time spent in this place.
 D = Time resting spent in this place.
 E = Time spent auto-exploring this place.
 F = Levels seen in this place.
 G = Mean time per level.
                   A        B        C        D        E       F      G
               +--------+--------+--------+--------+--------+-----+--------+
         Total |   3232 |   2666 |    566 |      0 |    811 |   5 |  646.4 |
       Dungeon |   3232 |   2666 |    566 |      0 |    811 |   5 |  646.4 |
               +--------+--------+--------+--------+--------+-----+--------+

Top non-repeatable levels by time:
     D:4: 851 daAuts
     D:1: 833 daAuts
     D:3: 682 daAuts
     D:2: 645 daAuts
     D:5: 219 daAuts
